 Dungeon Crawl Stone Soup version 0.27.1-35-g4d5d836560 (webtiles) character file.

Game seed: 2566792826882016159

4587 Delamore the Slicer (level 10, -1/60 HPs)
             Began as an Octopode Brigand on Apr 8, 2022.
             Was an Initiate of Gozag.
             Slain by a six-headed hydra (7 damage)
             ... on level 8 of the Dungeon.
             The game lasted 00:14:48 (11712 turns).

Delamore the Slicer (Octopode Brigand)             Turns: 11712, Time: 00:14:49

Health: -1/60      AC:  5    Str: 11    XL:     10   Next: 41%
Magic:  10/10      EV: 13    Int: 13    God:    Gozag
Gold:   697        SH:  5    Dex: 17    Spells: 9/9 levels left

rFire    . . .     SeeInvis .   B - +4 rapier (venom)
rCold    . . .     Faith    .   b - +0 buckler
rNeg     . . .     Spirit   .   (helmet restricted)
rPois    .         Reflect  .   (no amulet)
rElec    .         Harm     .   D - +4 ring of protection
rCorr    .         Rampage  .   (no ring)
Will     .....                  (no ring)
Stlth    ++++++....             (no ring)
HPRegen  0.20/turn              (no ring)
MPRegen  0.12/turn              (no ring)
                                (no ring)
                                (no ring)

@: no status effects
A: almost no armour, amphibious, 8 rings, camouflage 1, gelatinous body 1,
(nimble swimmer 1), tentacles
a: Renounce Religion, Potion Petition, Call Merchant, Bribe Branch


You were on level 8 of the Dungeon.
You worshipped Gozag.
Gozag was pleased with you.
You visited 1 branch of the dungeon, and saw 8 of its levels.

You collected 923 gold pieces.
You spent 111 gold pieces at shops.
You paid 115 gold pieces to Gozag.

Inventory:

Hand Weapons
 B - a +4 rapier of venom (weapon)
 C - a +2 short sword of distortion
Missiles
 c - 47 poisoned darts (quivered)
 v - 9 boomerangs
 A - 6 curare-tipped darts
Armour
 b - a +0 buckler (worn)
Jewellery
 D - a +4 ring of protection (left tentacle)
Wands
 r - a wand of flame (46)
 s - a wand of polymorph (9)
 u - a wand of iceblast (13)
Scrolls
 j - a scroll of fog
 p - a scroll of holy word
 q - 2 scrolls of enchant armour
 w - a scroll of torment
 y - 2 scrolls of amnesia
Potions
 a - a potion of resistance {unknown}
 d - a potion of flight
 e - 4 potions of brilliance
 h - a potion of mutation {unknown}
 i - 2 potions of ambrosia {unknown}
 k - 2 potions of magic {unknown}
 m - a potion of haste
 n - 3 potions of degeneration {unknown}
 o - a potion of attraction {unknown}
 t - a potion of berserk rage {unknown}
 x - 2 potions of heal wounds
 z - 4 potions of curing


   Skills:
 - Level 2.0 Fighting
 + Level 12.8 Short Blades
 - Level 2.0 Throwing
 - Level 1.0 Dodging
 - Level 10.0 Stealth
 - Level 4.0 Shields


You had 9 spell levels left.
You didn't know any spells.
Your spell library contained the following spells:

 Spells                   Type           Power      Damage    Failure   Level
 Animate Skeleton         Necr           0%         N/A       30%         1
 Pain                     Necr           0%         1d4       30%         1
 Slow                     Hex            0%         N/A       43%         2
 Confusing Touch          Hex            0%         N/A       67%         3
 Vampiric Draining        Necr           0%         2d6       67%         3
 Yara's Violent Unravell  Hex/Tmut       0%         3d3       100%        5


Dungeon Overview and Level Annotations

Branches:
Dungeon (8/15)             Temple (0/1) D:5
   Lair: D:8-11

Altars:
Dithmenos
Elyvilon
Gozag
Hepliaklqana
Okawaru
Sif Muna
Yredelemnul
Zin

Shops:
D:3 !!(*:   D:4 ?

Annotations:
D:5 Tzialkovskiy's ghost, novice TrBr


Innate Abilities, Weirdness & Mutations

You cannot wear most types of armour.
You are amphibious.
You can wear up to eight rings at the same time.
Your skin changes colour to match your surroundings (Stealth+).
Your rubbery body absorbs attacks. (AC +1, EV +1)
((You are camouflaged near water. (Stealth+)))
You have tentacles for arms and can constrict up to eight enemies at once.


Message History

The mass of ice explodes!
The iceblast engulfs the six-headed hydra!
The six-headed hydra is heavily wounded.
There's nothing to close nearby.
Unknown command.
Aiming: Iceblast
Press: ? - help, Shift-Dir - straight line, f/p - six-headed hydra
Aim: a six-headed hydra (moderately wounded)
The mass of ice explodes!
The iceblast engulfs the six-headed hydra!
The six-headed hydra is severely wounded.
The wyvern hisses angrily.
You hear a loud, deep croak!
The six-headed hydra barely misses you.
You block the six-headed hydra's attack.
The six-headed hydra bites you! x2; The six-headed hydra misses you. x2
You barely miss the six-headed hydra.
The six-headed hydra is severely wounded.
You hit the six-headed hydra.
Your squeeze misses the six-headed hydra.
The six-headed hydra is severely wounded.
The six-headed hydra bites you!
The six-headed hydra bites you but does no damage.
The six-headed hydra bites you. The six-headed hydra bites you!
* * * LOW HITPOINT WARNING * * *
The six-headed hydra completely misses you.
The six-headed hydra closely misses you.
Okay, then.
Okay, then.
Aiming: Iceblast
Press: ? - help, Shift-Dir - straight line, p - six-headed hydra The mass of ice explodes!
The iceblast engulfs the six-headed hydra!
The six-headed hydra is almost dead.
You hear an angry hiss.
The six-headed hydra bites you but does no damage.
The six-headed hydra closely misses you.
The six-headed hydra bites you but does no damage.
The six-headed hydra bites you!
You die...
Your body crumbles into a pile of gold.

.# .#.... .##.#...##
.........( ###.#....((.
##..........#
##............
#......Dl.....
#.....@.......
#.............
##.............
###..............
#####................
####....................
.......##.#+##+##+####.#
$ $ ##.....##.# .#
..........#


You could see a six-headed hydra and a wyvern.

Vanquished Creatures
  Erica (D:7)
  A hornet (D:7)
  Grinder (D:4)
  A shadow (D:7)
  A water moccasin (D:7)
  2 orc warriors
  A sky beast (D:6)
  A black bear (D:7)
  An ice beast (D:4)
  A necrophage (D:6)
  2 ogres
  2 centaurs
  A kobold brigand (D:5)
  4 bullfrogs
  3 gnoll sergeants
  2 wyvern zombies
  A water moccasin zombie (D:5)
  A scorpion (D:6)
  6 killer bees
  4 jellies
  4 howler monkeys
  3 centaur zombies
  7 hounds
  2 bullfrog skeletons (D:5)
  2 gnoll shamans (D:3)
  3 orc priests
  A centaur skeleton (D:7)
  3 orc wizards
  A hound zombie (D:5)
  A howler monkey skeleton (D:5)
  27 gnolls
  8 adders
  A white imp (D:6)
  An ufetubus (D:6)
  An adder zombie (D:5)
  2 worms (D:2)
  A dart slug (D:1)
  27 orcs
  8 ball pythons
  4 endoplasms
  2 giant cockroaches
  7 goblins
  9 hobgoblins
  14 jackals
  A quokka (D:2)
  6 bats
  5 frilled lizards
  13 kobolds
  3 rats (D:1)
204 creatures vanquished.

Vanquished Creatures (others)
  3 plants (D:3)
3 creatures vanquished.

Grand Total: 207 creatures vanquished

Notes
Turn   | Place    | Note
-------+----------+-------------------------------------------
     0 | D:1      | Delamore the Octopode Brigand began the quest for the Orb.
     0 | D:1      | Reached XP level 1. HP: 14/14 MP: 1/1
   182 | D:1      | Found a faded altar of an unknown god.
   210 | D:1      | Reached XP level 2. HP: 15/19 MP: 2/2
   766 | D:1      | Reached XP level 3. HP: 24/24 MP: 3/3
  1349 | D:2      | Reached XP level 4. HP: 24/29 MP: 4/4
  1565 | D:2      | Reached skill level 3 in Short Blades
  1965 | D:3      | Found Fenes's Weapon Shoppe.
  2040 | D:3      | Found a basalt altar of Yredelemnul.
  2056 | D:3      | Found Cosasm's Distillery.
  2062 | D:3      | Bought a potion of heal wounds for 65 gold pieces
  2092 | D:3      | Found Hiazuk's Assorted Antiques.
  2159 | D:3      | Found Boofim Run's Book Shoppe.
  2540 | D:3      | Reached XP level 5. HP: 13/34 MP: 5/5
  2848 | D:3      | Found Heixioj's Distillery.
  2862 | D:3      | Bought a potion of curing for 33 gold pieces
  3026 | D:3      | Reached XP level 6. HP: 26/39 MP: 6/6
  3452 | D:3      | Reached skill level 4 in Short Blades
  4292 | D:3      | Reached XP level 7. HP: 45/45 MP: 7/7
  4538 | D:3      | Reached skill level 1 in Shields
  4589 | D:3      | Reached skill level 10 in Stealth
  5336 | D:3      | Reached skill level 5 in Short Blades
  5503 | D:4      | Found Habua's Magic Scroll Shoppe.
  5514 | D:4      | Bought a scroll of noise for 13 gold pieces
  5939 | D:4      | Reached XP level 8. HP: 34/50 MP: 8/8
  6253 | D:4      | Found a shimmering blue altar of Sif Muna.
  6318 | D:5      | Entered Level 5 of the Dungeon
  6359 | D:5      | Noticed Grinder
  6575 | D:4      | Paralysed by Grinder for 5 turns
  6581 | D:4      | Killed Grinder
  6582 | D:4      | Reached skill level 6 in Short Blades
  6831 | D:4      | Reached skill level 7 in Short Blades
  7247 | D:5      | Found a runed translucent gate.
  7252 | D:5      | Found a runed translucent gate.
  7252 | D:5      | Noticed Tzialkovskiy's ghost (novice TrBr)
  7253 | D:5      | Found a runed translucent gate.
  7292 | D:5      | Found an iron altar of Okawaru.
  7745 | D:5      | Reached skill level 8 in Short Blades
  7755 | D:5      | Found an opulent altar of Gozag.
  7766 | D:5      | Became a worshipper of Gozag Ym Sagoz the Greedy
  8038 | D:5      | Found a staircase to the Ecumenical Temple.
  8101 | D:5      | Reached XP level 9. HP: 18/54 MP: 9/9
  8357 | D:6      | Reached skill level 9 in Short Blades
  8722 | D:6      | Found a hazy altar of Hepliaklqana.
  8723 | D:6      | Found a shadowy altar of Dithmenos.
  8739 | D:6      | Found a glowing silver altar of Zin.
  8974 | D:6      | Reached skill level 10 in Short Blades
 10199 | D:7      | Noticed a hornet
 10209 | D:7      | Killed a hornet
 10210 | D:7      | Reached skill level 11 in Short Blades
 10748 | D:8      | Found a white marble altar of Elyvilon.
 10754 | D:8      | Noticed a six-headed hydra
 10764 | D:8      | Noticed Erica
 10935 | D:7      | Reached XP level 10. HP: 41/60 MP: 10/10
 11372 | D:8      | Reached skill level 12 in Short Blades
 11535 | D:7      | Killed Erica
 11712 | D:8      | Slain by a six-headed hydra

Illustrated notes

Levels and vault maps discovered:
D:1:      dpeg_arrival_pits, layout_basic, shapermc_ecumenical_altar_flowoftime
D:2:      layout_loops_ring
D:3:      lemuel_castle_with_subvaults [lemuel_castle_interior_carwin_2],
          layout_loops_corners, lemuel_doored_altar, serial_shops, shop,
          nicolae_lakefront_shop, shop, shop, shop
D:4:      layout_gridville, kennysheep_orc_sif_temple, nicolae_stop_n_shop_1
D:5:      layout_rooms, okawaru_gym_becter, mainiacjoe_overflow_24_doors,
          minmay_temple_entry_enclosed_plants, gammafunk_ghost_nasty_kobolds,
          uniq_grinder
D:6:      layout_rooms, riverfiend_overflow_shadow_ancestor, old_standard_altar
D:7:      layout_rooms
D:8:      layout_rooms, mainiacjoe_overflow_tiny_flanked, dk_xom_monty_hall,
          uniq_erica

Skill      XL: |  1  2  3  4  5  6  7  8  9 10 |
---------------+-------------------------------+-----
Stealth        | 6 7 8 9 10 | 10.0
Short Blades   | 3 4 5 8 11 12 | 12.8
Shields        | 3 4 |  4.0
Fighting       | |  2.0
Throwing       | |  2.0
Dodging        | |  1.0

Action                   |  1- 3 |  4- 6 |  7- 9 | 10-12 || total
-------------------------+-------+-------+-------+-------++-------
Melee: Dagger            |    53 |   123 |   206 |       ||   382
       Constrict         |     9 |    27 |    53 |    13 ||   102
       Tentacles         |     8 |    26 |    90 |    12 ||   136
       Rapier            |       |       |   130 |    49 ||   179
Throw: Dart              |       |    13 |    37 |     9 ||    59
       Boomerang         |       |       |       |     4 ||     4
Evoke: Wand              |       |       |    19 |    10 ||    29
  Use: Scroll            |     2 |     3 |     9 |     1 ||    15
       Potion            |       |     3 |     2 |       ||     5
 Stab: Sleeping          |    16 |     9 |    19 |       ||    44
       Distracted        |       |       |     1 |       ||     1
Armor: Skin              |     3 |     7 |    71 |    10 ||    91
Dodge: Dodged            |    21 |    55 |   139 |    30 ||   245
Block: Buckler           |       |     2 |    69 |    10 ||    81
